 Dungeon Crawl Stone Soup version 0.26.1-11-gd32895ea62 (webtiles) character file.

Game seed: 10924708568621542185

122 Zeld the Grave Robber (level 4, -3/39 HPs)
             Began as a Deep Dwarf Necromancer on June 5, 2021.
             Killed from afar by a white imp (8 damage)
             ... with a puff of frost
             ... on level 3 of the Dungeon.
             The game lasted 00:15:17 (10850 turns).

Zeld the Grave Robber (Deep Dwarf Necromancer)     Turns: 10850, Time: 00:15:17

Health: -3/39      AC:  3    Str: 11    XL:     4   Next: 78%
Magic:  7/7        EV: 13    Int: 17    God:
Gold:   181        SH:  0    Dex: 13    Spells: 2/7 levels left

rFire    . . .     SeeInvis .   a - +0 dagger (speed)
rCold    . . .     Faith    .   (no shield)
rNeg     . . .     Spirit   .   n - +0 robe
rPois    .         Reflect  .   (no helmet)
rElec    .         Harm     .   g - +0 cloak
rCorr    .         Rampage  .   (no gloves)
Will     .....                  (no boots)
Stlth    ++........             (no amulet)
HPRegen  0.00/turn              (no ring)
MPRegen  0.10/turn              (no ring)

@: non-regenerating
A: damage resistance, heal wounds, sense surroundings 1, no regeneration
a: Heal Wounds


You were on level 3 of the Dungeon.
You visited 1 branch of the dungeon, and saw 3 of its levels.

You collected 181 gold pieces.

Inventory:

Hand Weapons
 a - a +0 dagger of speed (weapon)
Armour
 g - a +0 cloak (worn)
 n - a +0 robe (worn)
Jewellery
 f - an uncursed amulet of faith {unknown}
 k - an uncursed ring of ice {unknown}
Scrolls
 d - 4 scrolls of identify {unknown}
 e - 2 scrolls of magic mapping {unknown}
 h - a scroll of fear {unknown}
 i - a scroll of remove curse {unknown}
 j - 3 scrolls of teleportation {unknown}
 l - a scroll of enchant weapon {unknown}
 m - a scroll of blinking {unknown}
Potions
 b - a potion of berserk rage {unknown}
 c - a potion of invisibility {unknown}


   Skills:
 + Level 1.6 Fighting
 + Level 3.0 Dodging
 - Level 2.4 Stealth
 + Level 2.4 Spellcasting
 * Level 5.4 Necromancy


You had 2 spell levels left.
You knew the following spells:

 Your Spells              Type           Power        Failure   Level
a - Pain                  Necr           80%          1%          1
b - Animate Skeleton      Necr           40%          1%          1
c - Vampiric Draining     Necr           10%          6%          3

Your spell library contained the following spells:

 Spells                   Type           Power        Failure   Level
 Apportation              Tloc           4%           19%         1
 Corona                   Hex            2%           19%         1
 Summon Small Mammal      Summ           8%           19%         1
 Animate Dead             Necr           10%          21%         4
 Agony                    Necr           20%          50%         5


Dungeon Overview and Level Annotations

Branches:
Dungeon (3/15)

Altars:


Innate Abilities, Weirdness & Mutations

You are resistant to damage.
You can heal yourself by infusing magical energy.
You passively map a small area around you.
You do not regenerate.


Message History

* * * LOW HITPOINT WARNING * * *
You hit the white imp but do no damage.
The white imp is lightly wounded.
The white imp misses you.
You hit the white imp but do no damage.
The white imp is lightly wounded.
You hit the white imp.
The white imp is lightly wounded.
The white imp hits you. The white imp freezes you.
* * * LOW HITPOINT WARNING * * *
You hit the white imp.
The white imp is heavily wounded.
The white imp closely misses you.
You closely miss the white imp.
The white imp is heavily wounded.
You hit the white imp but do no damage.
The white imp is heavily wounded.
The white imp gestures at you. The puff of frost hits you!
You die...

........##...#.##
#####.......##.#
######..##.#
#..##.### #..##...#
#..####.#
#..####.#######*****
#.)............,,,,*
#(#####@#######***,*
*,* #5.......,,,,*
*,* #..######*****
**********,* #..#
,,,,,,,,,,,* #..#
************ #..#
#..# #..# *****,,*


You could see a white imp.

Vanquished Creatures
  4 adders
  An ooze (D:2)
  3 dart slugs
  3 leopard geckos
  2 orcs (D:3)
  A ball python (D:2)
  5 giant cockroaches
  6 goblins
  9 hobgoblins (D:1)
  6 jackals
  9 kobolds
  A quokka (D:3)
  9 bats
  4 frilled lizards
  4 rats
67 creatures vanquished.

Vanquished Creatures (collateral kills)
  A dart slug (D:3)
1 creature vanquished.

Grand Total: 68 creatures vanquished

Notes
Turn   | Place    | Note
-------+----------+-------------------------------------------
     0 | D:1      | Zeld the Deep Dwarf Necromancer began the quest for the
                  | Orb.
     0 | D:1      | Reached XP level 1. HP: 15/15 MP: 3/3
     2 | D:1      | Learned a level 1 spell: Animate Skeleton
  1035 | D:1      | Reached XP level 2. HP: 24/24 MP: 0/4
  3705 | D:1      | Reached skill level 1 in Fighting
  3705 | D:1      | Reached XP level 3. HP: 27/31 MP: 3/6
  3709 | D:1      | Learned a level 3 spell: Vampiric Draining
  4684 | D:2      | Reached skill level 5 in Necromancy
  5768 | D:2      | Reached XP level 4. HP: 38/38 MP: 5/7
  6435 | D:2      | You fall into a shaft and drop 1 floor!
 10850 | D:3      | Killed from afar by a white imp

Illustrated notes

Levels and vault maps discovered:
D:1:      scummos_arrival_simple_crosswalls, layout_basic, minmay_liquid_box
D:2:      layout_basic, chequers_serial_rivers_small_b
D:3:      layout_loops_ring

Skill      XL: |  1  2  3  4 |
---------------+-------------+-----
Spellcasting   | 2 |  2.4
Fighting       | 1 |  1.6
Necromancy     | 5 |  5.4
Dodging        | 3 |  3.0
Stealth        | |  2.4

Action                   |  1- 3 |  4- 6 || total
-------------------------+-------+-------++-------
Melee: Unarmed           |    11 |    21 ||    32
       Dagger            |       |    13 ||    13
 Cast: Pain              |    81 |    33 ||   114
       Animate Skeleton  |    18 |     7 ||    25
       Vampiric Draining |     3 |    10 ||    13
 Stab: Sleeping          |       |     1 ||     1
Armor: Robe              |     6 |     4 ||    10
Dodge: Dodged            |    18 |    28 ||    46
